 Dungeon Crawl Stone Soup version 0.18.1-50-g88ac8fd (webtiles) character file.

98 magog001 the Covered (level 5, -5/41 HPs)
             Began as a Human Fighter on Sept 13, 2017.
             Killed from afar by theY's ghost (13 damage)
             ... with a flame tongue
             ... on level 3 of the Dungeon.
             The game lasted 00:16:35 (2610 turns).

magog001 the Covered (Human Fighter)                Turns: 2610, Time: 00:16:40

Health: -5/41      AC:  8    Str: 18    XL:     5   Next: 0%
Magic:  5/5        EV:  7    Int:  8    God:
Gold:   54         SH:  9    Dex: 12    Spells: 0 memorised, 4 levels left

rFire  . . .     SeeInvis .     a - +0 war axe
rCold  . . .     Gourm    .     b - +0 scale mail
rNeg   . . .     Faith    .     c - +0 shield
rPois  .         Spirit   .     r - +0 helmet
rElec  .         Dismiss  .     (no cloak)
rCorr  .         Reflect  .     (no gloves)
SustAt .         Harm     .     (no boots)
MR     .....                    (no amulet)
Stlth  ..........               (no ring)
                                (no ring)

@: not resistant to hostile enchantments, extremely unstealthy
A: no striking features
a: no special abilities


You were on level 3 of the Dungeon.
You were not hungry.

You visited 1 branch of the dungeon, and saw 3 of its levels.

You collected 54 gold pieces.

Inventory:

Hand Weapons
 a - a +0 war axe (weapon)
Missiles
 t - 13 sling bullets
Armour
 b - a +0 scale mail (worn)
 c - a +0 shield (worn)
 r - a +0 helmet (worn)
Wands
 g - a wand of random effects (28/48)
Scrolls
 h - a scroll of identify
 j - 5 scrolls of remove curse
 m - a scroll of enchant armour {unknown}
 o - a scroll of immolation {unknown}
 v - a scroll of recharging {unknown}
 w - a scroll of amnesia {unknown}
Potions
 d - a potion of might
 e - a potion of mutation {unknown}
 k - 2 potions of heal wounds
 l - 2 potions of resistance {unknown}
 p - a potion of lignification {unknown}
 q - 2 potions of curing {unknown}
Comestibles
 f - 2 bread rations
 n - a beef jerky
 s - a fruit


   Skills:
 * Level 3.6 Fighting
 + Level 2.5 Axes
 * Level 4.0 Armour
 - Level 0.2 Dodging
 * Level 3.5 Shields


You had 4 spell levels left.
You didn't know any spells.

Dungeon Overview and Level Annotations

Branches:
Dungeon (3/15)

Altars:
Vehumet
Xom

Annotations:
D:3 theY's ghost, amateur GrFE


Message History

Things that are here:
3 stones; a kobold corpse A giant cockroach zombie comes into view.
You slash the giant cockroach zombie!
You destroy the giant cockroach zombie!
TheY's ghost (amateur Gargoyle Fire Elementalist) comes into view.
You closely miss theY's ghost. TheY's ghost hits you.
TheY's ghost hits you but does no damage.
You hit theY's ghost but do no damage.
TheY's ghost points at you and mumbles some strange words.
The flame tongue hits you!
You miss theY's ghost. You block theY's ghost's attack. TheY's ghost hits you.
You miss theY's ghost. TheY's ghost hits you.
You miss theY's ghost.
TheY's ghost gestures at you while chanting.
The flame tongue hits you!
* * * LOW HITPOINT WARNING * * *
TheY's ghost gestures at you while chanting.
The flame tongue hits you!
You die...

#.#######.#...# #.#
#.#.#.# #.# #.#.#.# ####.#
#.#.#.# .....# #.#.#.#
###..# #.#(#.# ..#..#
#.#.#.# #.#..# #.#.#.#
#.#..#######.#.#@#
#.#..##....#.#(#W#
#.#..##....#.#(#.#
#.#........#.#.#..
#.#.###....#.#.###########
#.#.# #....#.#......<....#
#.#.# ##.###.###########.#
#.#.####.# #.# #.#
()#......# #.# #.#


You could see theY's ghost.

Vanquished Creatures
  3 adders
  2 oozes (D:1)
  A worm (D:2)
  2 ball pythons (D:3)
  3 giant cockroaches
  7 goblins
  6 hobgoblins
  7 jackals
  3 quokkas
  6 bats
  A giant cockroach zombie (D:3)
  2 giant newts (D:1)
  4 kobolds
  11 rats
58 creatures vanquished.

Vanquished Creatures (others)
  5 sheep (D:3)
5 creatures vanquished.

Grand Total: 63 creatures vanquished

Notes
Turn   | Place    | Note
--------------------------------------------------------------
     0 | D:1      | magog001 the Human Fighter began the quest for the Orb.
     0 | D:1      | Reached XP level 1. HP: 18/18 MP: 1/1
   190 | D:1      | Reached XP level 2. HP: 21/24 MP: 2/2
   487 | D:1      | Reached XP level 3. HP: 26/29 MP: 3/3
   952 | D:2      | Reached XP level 4. HP: 32/35 MP: 4/4
   999 | D:2      | Found a radiant altar of Vehumet.
  1916 | D:3      | Found a shimmering altar of Xom.
  2442 | D:3      | Reached skill level 4 in Armour
  2589 | D:3      | Reached XP level 5. HP: 41/41 MP: 5/5
  2604 | D:3      | Noticed theY's ghost (amateur GrFE)
  2610 | D:3      | Killed from afar by theY's ghost

Skill      XL: |  1  2  3  4 |
---------------+-------------+-----
Armour         | 4 |  4.0
Fighting       | |  3.6
Axes           | |  2.5
Dodging        | |  0.2
Shields        | |  3.5

Action                   |  1- 3 |  4- 6 || total
-------------------------+-------+-------++-------
Melee: War axe           |    77 |   129 ||   206
  Use: Scroll            |       |     4 ||     4
  Eat: Chunk             |       |     6 ||     6
Armor: Scale mail        |    40 |    66 ||   106
Dodge: Dodged            |    17 |    49 ||    66
Block: Shield            |    44 |    92 ||   136
